[Event "*** Titled Tuesday Blitz"]
[Site "Chess.com"]
[Date "2020.10.20"]
[Round "11"]
[White "zajka-molotok"]
[Black "pavelalexandru07"]
[Result "1/2-1/2"]
[WhiteElo "2489"]
[BlackElo "2320"]
[TimeControl "180+1"]
[EndTime "12:10:26 PDT"]
[Termination "Game drawn by repetition"]

1. d4 Nf6 2. c4 c5 3. d5 e6 4. Nc3 exd5 5. cxd5 d6 6. e4 g6 7. Be2 Bg7 8. Be3 O-O 9. Nf3 Re8 10. Nd2 Nbd7 11.
O-O a6 12. a4 Rb8 13. a5 b5 14. axb6 Qxb6 15. Nc4 Qc7 16. Qc2 Ne5 17. Nxe5 Rxe5 18. Bxa6 Bxa6 19. Rxa6 Re7 20. Bf4 Ne8 21. Rfa1 Rb4 22.
f3 Qb7 23. R6a2 h6 24. h3 Kh7 25. Kh2 Qb6 26. Nd1 Rb7 27. Ne3 Bd4 28. Nc4 Qc7 29. Ra6 Bxb2 30. Nxb2 Rxb2 31. Qc3 R7b3 32. Qc1 h5 33.
Ra7 Rb7 34. Qxb2 Rxa7 35. Rb1 Ra6 36. Qc3 Ra8 37. Bc1 Ra7 38. Bb2 f6 39. Bc1 Kg7 40.
Bf4 Qe7 41. Rb2 Rb7 42. Ra2 Ra7 43. Rc2 Rb7 44. Rd2 Ra7 45. Bg3 Rb7 46. Rc2 Nc7 47. Rb2 Ne8 48. Rxb7 Qxb7 49. Qc4 Qb4 50. Qa6 Qb8 51.
Qc6 Qd8 52. h4 Qe7 53. Qc8 Kf7 54. Qc6 Kg7 55. Qc8 Kf7 56. Qa8 Kg7 57. Qc6 Kf8 58. Bf4 Kg8 59. Kg3 Kf7 60. Qc8 Kf8 61. Bh6+ Kg8 62. Bf4 Kg7 63. Qc6 g5 64. hxg5 fxg5 65. Be3 Nf6 66. Kf2 g4 67. Bg5 Nxe4+ 68. fxe4 Qxg5 69.
Qxd6 Qd2+ 70. Kg1 Qe1+ 71. Kh2 Qh4+ 72. Kg1 Qe1+ 73. Kh2 Qxe4 74. Qc7+ Kg6 75. Qc6+ Kg5 76. Qxc5 Qe5+ 77. Kg1 Qe1+ 78. Kh2 Qe5+ 79. Kg1 Qa1+ 80. Kh2 Qe5+ 1/2-1/2

[Event "*** Titled Tuesday Blitz"]
[Site "Chess.com"]
[Date "2020.10.20"]
[Round "11"]
[White "MFBerna"]
[Black "queen_iryna"]
[Result "1-0"]
[WhiteElo "2424"]
[BlackElo "2301"]
[TimeControl "180+1"]
[EndTime "12:10:26 PDT"]
[Termination "MFBerna won on time"]

1. b3 e5 2. Bb2 Nc6 3. e3 Nf6 4. Bb5 Bd6 5. Na3 a6 6. Bxc6 dxc6 7. Nc4 e4 8. f3 exf3 9. Nxf3 O-O 10. O-O Bg4 11. Qe1 b5 12. Nce5 Bxf3 13. Rxf3 Re8 14. Nxc6 Qd7 15. Nd4 Ng4 16. Rh3 c5 17. Nf3 Ne5 18.
Bxe5 Bxe5 19. c3 Bf6 20. Qf2 b4 21. Rc1 bxc3 22. dxc3 Qd3 23. Ne1 Qe4 24. Qc2 c4 25. Qxe4 Rxe4 26. Kf2 Rc8 27. b4 Rd8 28. Ke2 Re6 29.
Rf3 Red6 30. Rc2 Rd3 31. Rf4 Rxc3 32. Rxc4 Ra3 33. Rc8 Kf8 34. Rxd8+ Bxd8 35. Nd3 f6 36. e4 Bb6 37. h3 Bd4 38. Kd2 Kf7 39. Ke2 h6 40. Nc5 Bxc5 41. bxc5 Ke7 42. Rb2 Kd8 43. Rb7 Rxa2+ 44. Kf3 g5 45. Rf7 Rc2 46. Rxf6 Rxc5 47.
Rxh6 Ke7 48. Rxa6 Kf7 49. Rb6 Kg7 50. Rd6 Rc2 51. Rd5 Kf6 52. Rf5+ Kg6 53. Kg3 Re2 54. Re5 Kf6 55. Rf5+ Kg6 56. Kf3 Rb2 57. g3 Ra2 58. Kg4 Kh6 59. Rxg5 Ra4 60. Re5 Rb4 61. h4 Ra4 62.
Re6+ Kh7 63. Kg5 Ra5+ 64. e5 Ra3 65. g4 Ra7 66. h5 Rg7+ 67. Kf5 Ra7 68. Rf6 Ra1 69.
e6 Rf1+ 70. Kg5 Re1 71. Rf7+ Kh8 72. e7 Kg8 73. Rf8+ Kg7 74. e8=Q Re6 75. Qxe6 1-0

[Event "*** Titled Tuesday Blitz"]
[Site "Chess.com"]
[Date "2020.10.20"]
[Round "11"]
[White "A-S-00"]
[Black "RobPeresian"]
[Result "1/2-1/2"]
[WhiteElo "2304"]
[BlackElo "2410"]
[TimeControl "180+1"]
[EndTime "12:10:44 PDT"]
[Termination "Game drawn by repetition"]

1. d4 d5 2. Nf3 Nf6 3. c4 c6 4. g3 dxc4 5. Bg2 b5 6. O-O Bb7 7.
b3 cxb3 8. Qxb3 e6 9. a4 a6 10.
Nc3 Nbd7 11. Rd1 b4 12. a5 Qc8 13. Na4 c5 14. dxc5 Nxc5 15. Qxb4 Nxa4 16. Qxa4+ Bc6 17.
Qxc6+ Qxc6 18. Ne5 Qxg2+ 19. Kxg2 Bc5 20. Ba3 Bxa3 21.
Rxa3 O-O 22. Rb3 Rfc8 23. Rb6 h6 24. Rdd6 Rc5 25. Nc6 Nd5 26. Rb7 Rc8 27. Rd8+ Rxd8 28. Nxd8 Rxa5 29. Nxf7 Ra2 30. e4 Nf6 31. Nd6 Ng4 32.
Rb8+ Kh7 33. Rf8 a5 34. h3 Nf6 35. e5 Nd7 36. Re8 Nxe5 37. Rxe6 Nd3 38. Ne4 a4 39.
Ra6 Ne1+ 40. Kf1 Ra1 41. Ke2 a3 42. Nc3 Nc2 43. Kd2 Nd4 44. Kd3 Nf3 45. Ke3 Ne5 46. Kd4 Nd7 47. Ra7 Nf6 48. Kc4 Rf1 49. Rxa3 Rxf2 50. Nd5 Nd7 51. Kd4 Rd2+ 52. Ke4 Rh2 53. h4 Nc5+ 54. Kf4 Ne6+ 55. Kg4 Rd2 56. Nf4 Rd4 57.
Re3 Nc5 58. Re7 Ra4 59. Kf3 Ra3+ 60. Kg2 Ra2+ 61. Kh3 Ra4 62. Ne6 Ne4 63. Rxg7+ Kh8 64. Rg6 h5 65. Rh6+ Kg8 66. Rxh5 Kf7 67. Ng5+ Kg6 68. Nxe4 Kxh5 69. Nf6+ Kg6 70. Ng4 Kf5 71. Ne3+ Ke4 72. Ng4 Kf3 73. Ne5+ Kf2 74. h5 Ra3 75. Ng4+ Kf3 76. h6 Ra1 77. Kh4 Rh1+ 78. Kg5 Kxg3 79.
Kg6 Kxg4 80. h7 Rh5 81. Kg7 Rg5+ 82. Kf8 Rh5 83. Kg7 Rg5+ 84. Kf7 Rh5 85. Kg7 1/2-1/2

[Event "*** Titled Tuesday Blitz"]
[Site "Chess.com"]
[Date "2020.10.20"]
[Round "11"]
[White "TheCastleHunter"]
[Black "MatyChess1"]
[Result "0-1"]
[WhiteElo "2376"]
[BlackElo "2549"]
[TimeControl "180+1"]
[EndTime "12:10:45 PDT"]
[Termination "MatyChess1 won by checkmate"]

1. e4 c5 2. Nf3 g6 3. d4 cxd4 4. Nxd4 Nc6 5. Nc3 Bg7 6. Be3 Nf6 7. Be2 O-O 8. O-O d5 9. exd5 Nxd5 10. Nxd5 Qxd5 11.
Bf3 Qc4 12. Nxc6 bxc6 13. c3 Bf5 14. Qb3 Qa6 15. Qd1 Rfd8 16. Qc1 Rab8 17. Re1 e5 18. Bc5 Re8 19. Be4 Be6 20. a3 f5 21. Bf3 Bc4 22.
b4 e4 23. Bd1 Rbd8 24. h3 Rd3 25. Bd4 Bxd4 26. cxd4 Rxd4 27. Qc3 Red8 28. Bb3 Bxb3 29. Qxb3+ Qc4 30. Qg3 Qf7 31. Qe5 R4d5 32. Qc3 R8d6 33. a4 Qf6 34. Qc4 Kg7 35. b5 Rd2 36. Qc5 Qd4 37.
Qxd4+ R2xd4 38. Rec1 cxb5 39. axb5 Rd7 40. Ra6 Rb4 41.
Rca1 Rxb5 42. Rxa7 Rxa7 43. Rxa7+ Kh6 44. Kh2 Rb3 45. Rc7 Rb2 46. Kg3 Rb3+ 47. Kh2 Rd3 48.
Re7 Rd8 49. g3 Rd2 50. Kg2 Ra2 51. Re6 Ra7 52. Re5 Kg5 53. Re6 Ra2 54. Re7 Kf6 55. Re8 h6 56. Kg1 Kg5 57. Kg2 Ra3 58. Re6 Kh5 59.
Rf6 Ra2 60. Re6 Kg5 61. Kg1 Rb2 62. Kg2 Kh5 63. Kg1 Rc2 64. Kg2 Kg5 65. Kg1 h5 66. Kg2 h4 67. gxh4+ Kxh4 68. Rxg6 e3 69. Rf6 Rxf2+ 70.
Kg1 Kxh3 71. Rh6+ Kg3 72. Rg6+ Kf3 73. Rf6 f4 74. Re6 Rg2+ 75. Kf1 Ra2 76. Kg1 Ra1+ 77. Kh2 Ra8 78. Kg1 Ra1+ 79. Kh2 Kf2 80. Rf6 f3 81. Rb6 Ra8 82. Kh3 e2 83. Re6 e1=Q 84. Rxe1 Kxe1 85. Kg3 f2 86. Kf3 Rf8+ 87. Ke3 f1=Q 88. Kd4 Qf3 89.
Ke5 Rf4 90. Kd6 Re4 91. Kc7 Qd3 92. Kc6 Rc4+ 93. Kb6 Qb3+ 94. Ka5 Ra4# 0-1

[Event "*** Titled Tuesday Blitz"]
[Site "Chess.com"]
[Date "2020.10.20"]
[Round "11"]
[White "dropstoneDP"]
[Black "TrimitziosP7"]
[Result "1-0"]
[WhiteElo "2855"]
[BlackElo "2776"]
[TimeControl "180+1"]
[EndTime "12:10:54 PDT"]
[Termination "dropstoneDP won by resignation"]

1. d4 Nf6 2. c4 e6 3. Nc3 Bb4 4. Nh3 O-O 5. Bg5 d5 6. cxd5 exd5 7. Nf4 c6 8. Qb3 Bd6 9. Nh5 Nbd7 10. e3 Re8 11. Bd3 h6 12. Nxf6+ Nxf6 13. Bh4 g5 14. Bg3 Ng4 15. Qc2 h5 16. O-O-O h4 17. Bxd6 Qxd6 18. h3 Nf6 19. Rhf1 Be6 20. f4 g4 21. Qf2 g3 22.
Qd2 Bd7 23. f5 b5 24. Rf4 Kf8 25. Rxh4 Ke7 26. e4 dxe4 27. Nxe4 Nxe4 28. Rxe4+ Kd8 29. Qa5+ Kc8 30. Kb1 Kb7 31. a4 a6 32. Bc2 Bxf5 33.
Rxe8 Bxc2+ 34. Kxc2 Rxe8 35. axb5 cxb5 36. Kb1 Re2 37. Qc3 Qc6 38. Qxc6+ Kxc6 39. d5+ Kd6 40. Rd3 Rxg2 41. Rf3 Rg1+ 42. Kc2 Kxd5 43. Rxf7 g2 44.
Rg7 Ke5 45. h4 Kf6 46. Rg8 a5 47. h5 Kf7 48. Rg3 b4 49. h6 a4 50. h7 b3+ 51. Kc3 Rh1 52. Rxg2 Rxh7 53. Kb4 Rh4+ 54. Ka3 Ke6 55. Rd2 Ke5 56. Rd1 Rc4 57. Rd2 Rc2 58. Rd1 Ke4 59. Rd8 Ke3 60. Rd7 Ke2 61. Rd8 Ke1 62. Rd7 Re2 63. Rd4 Rc2 64. Rxa4 Rc8 65. Kxb3 Kd2 66. Rc4 Rb8+ 67. Rb4 Ra8 68. Rd4+ Ke3 69.
Rd7 Ke4 70. Kc4 Ke5 71. b4 Ke6 72. Rd2 Rc8+ 73. Kb3 Ke7 74. b5 Rc1 75. Kb4 Rb1+ 76. Ka5 Ra1+ 77. Kb6 Rb1 78. Ka6 Ra1+ 79. Kb7 Rb1 80.
b6 Rb3 81. Ka7 Ra3+ 82. Kb8 Rb3 83. b7 Rb4 84. Kc7 Rc4+ 85. Kb6 Rb4+ 86. Kc6 Ke8 87. Rd5 Ke7 88. Rb5 Rc4+ 89. Kb6 1-0

[Event "*** Titled Tuesday Blitz"]
[Site "Chess.com"]
[Date "2020.10.20"]
[Round "11"]
[White "chessmachine14"]
[Black "CLG_Nemsko"]
[Result "1-0"]
[WhiteElo "2315"]
[BlackElo "2197"]
[TimeControl "180+1"]
[EndTime "12:11:09 PDT"]
[Termination "chessmachine14 won on time"]

1. e4 e5 2. Nf3 Nc6 3. Bb5 a6 4. Ba4 Nf6 5. O-O Be7 6. d3 b5 7.
Bb3 d6 8. a3 O-O 9. Nc3 Bg4 10.
Be3 h6 11. Nd5 Re8 12. h3 Be6 13. Qd2 Bf8 14. c3 Nh7 15. g4 Ne7 16. Nxe7+ Qxe7 17. Bxe6 Qxe6 18. Nh4 Qf6 19. Nf5 Ng5 20. Bxg5 hxg5 21.
Kg2 g6 22. Ne3 c6 23. c4 Rad8 24. Qa5 bxc4 25. dxc4 Qf4 26. Rae1 Qxe4+ 27. f3 Qd4 28. Qxa6 Qxb2+ 29. Rf2 Qc3 30. Ree2 d5 31. Qxc6 d4 32. Nd5 Rxd5 33. Qxd5 Bg7 34. c5 Rc8 35. Rc2 Qxa3 36. c6 d3 37. Rc4 Bf8 38. c7 Qe7 39. Qb7 Qd7 40. Rd2 Bd6 41. Rxd3 Rxc7 42. Rxc7 Qxc7 43.
Qxc7 Bxc7 44. Kf2 Bb6+ 45. Ke2 Bd4 46. Ra3 f6 47. Kd3 Kf7 48. Ke4 Ke6 49. Ra6+ Kf7 50.
Rd6 Bb2 51. Rb6 Bd4 52. Rc6 Bb2 53. Kd5 f5 54. Rc7+ Kf6 55. Rc6+ Kf7 56. Rb6 Bd4 57. Rb7+ Kf6 58. Rc7 Ba1 59. Rc6+ Kf7 60. Re6 Bd4 61. Ra6 Bc3 62. gxf5 gxf5 63. Rh6 Kg7 64. Rh5 Kg6 65. Rh8 Bb2 66. Ra8 Bd4 67. Ra6+ Kh5 68. Ke6 Kh4 69. Kxf5 Kxh3 70. Ke4 Kg3 71. Rg6 Kh4 72. Rh6+ Kg3 73. Rh5 g4 74. Rg5 Kf2 75. Rxg4 Ke2 76. Rg6 Kf2 77. Re6 Kg3 78. Rd6 Kg2 79. Rd5 Bb2 80. Rd8 Bc3 81. Rf8 Kg3 82. Kd5 Bd4 83. Ke6 Bc3 84. Kd6 Bb2 85. Kd5 Bc3 86. Ke4 Bb2 87.
Rg8+ Kf2 88. Rh8 Kg3 89. Rg8+ Kf2 90. Ra8 Kg3 91. Ra2 Bc3 92. Rc2 Bd4 93. Rd2 Bc3 94.
Re2 Ba1 95. Rc2 Kh4 96. Rg2 Kh3 97. Rg5 Kh4 98. Rxe5 1-0

[Event "*** Titled Tuesday Blitz"]
[Site "Chess.com"]
[Date "2020.10.20"]
[Round "11"]
[White "Mikasinski"]
[Black "barbara25"]
[Result "1-0"]
[WhiteElo "2578"]
[BlackElo "2315"]
[TimeControl "180+1"]
[EndTime "12:11:15 PDT"]
[Termination "Mikasinski won by checkmate"]

1. e4 c5 2. Nf3 d6 3. d4 cxd4 4. Nxd4 Nf6 5. Nc3 a6 6. Be2 e6 7. O-O Be7 8. f4 O-O 9. Kh1 Nc6 10. Be3 Bd7 11. Qe1 Rc8 12. Rd1 b5 13. a3 Qc7 14. Qg3 Rfe8 15. Bf3 e5 16. Nxc6 Bxc6 17. fxe5 dxe5 18. Nd5 Bxd5 19. exd5 Bd6 20. Bh6 g6 21. Qh4 e4 22. Qxf6 Be5 23. d6 Bxf6 24. dxc7 exf3 25. Rxf3 Bxb2 26. Bf4 Be5 27. Re3 f6 28. Rd7 Bxc7 29.
Rxc7 Rcd8 30. Rxe8+ Rxe8 31. g3 g5 32. Bd6 Re2 33. Bb4 h5 34. Rc6 Kf7 35. Rxa6 Rxc2 36. Rb6 Rc1+ 37. Kg2 Rc2+ 38. Kg1 Rc1+ 39. Kf2 Rc2+ 40.
Kg1 Rc1+ 41. Kg2 Rc2+ 42. Kf3 Rxh2 43. Rxb5 Rc2 44. a4 Rb2 45. a5 Rb3+ 46. Kf2 Rb2+ 47. Ke3 Ra2 48. Rb6 h4 49. gxh4 gxh4 50. Bc3 h3 51.
Rxf6+ Ke7 52. Rf3 h2 53. Rh3 Ke6 54. Kd3 Kf5 55. Kc4 Kg4 56. Rh7 Kf3 57. Be5 Rxa5 58. Bxh2 Ra4+ 59. Kd5 Ra5+ 60. Ke6 Kg4 61. Bd6 Ra6 62.
Rg7+ Kf3 63. Rf7+ Ke2 64. Rc7 Kd3 65. Kd5 Ra5+ 66. Bc5 Rb5 67. Rh7 Ra5 68. Rh3+ Ke2 69. Kc4 Ra4+ 70. Bb4 Ra8 71. Rb3 Rc8+ 72. Bc5 Kd2 73.
Rb2+ Ke1 74. Rh2 Kf1 75. Kd5 Rd8+ 76. Bd6 Kg1 77. Ra2 Kf1 78. Kc5 Ke1 79. Bf4 Rc8+ 80. Kd4 Rd8+ 81. Ke4 Kd1 82. Kf3 Ke1 83. Be3 Kd1 84. Ra1+ Kc2 85. Ra2+ Kb3 86. Rh2 Rf8+ 87. Ke2 Kc3 88. Rh1 Kc4 89. Rc1+ Kd5 90. Kd3 Re8 91.
Rc5+ Kd6 92. Rh5 Kd7 93. Bd4 Rg8 94. Kc4 Rf8 95. Kd5 Rf7 96. Be5 Rf2 97. Rh7+ Kc8 98. Bd4 Rd2 99. Kc6 Rc2+ 100. Bc5 Kb8 101. Rh8# 1-0

[Event "*** Titled Tuesday Blitz"]
[Site "Chess.com"]
[Date "2020.10.20"]
[Round "11"]
[White "TheMagnet"]
[Black "realmadridtv"]
[Result "1-0"]
[WhiteElo "2585"]
[BlackElo "2428"]
[TimeControl "180+1"]
[EndTime "12:12:30 PDT"]
[Termination "TheMagnet won on time"]

1. d4 d5 2. c4 c6 3. Nf3 Nf6 4. Nc3 g6 5. cxd5 cxd5 6. Bf4 Bg7 7. e3 O-O 8. h3 Nc6 9. Bd3 Bf5 10. O-O Bxd3 11. Qxd3 e6 12. Rfc1 Ne8 13. Na4 Rc8 14. a3 Nd6 15. Nc5 b6 16. Na6 Qd7 17. Rc2 Na5 18. Rac1 Rxc2 19. Rxc2 Nac4 20. Nd2 Rc8 21. Bxd6 Nxd6 22. Nb4 h5 23. Rxc8+ Nxc8 24. Qc2 Ne7 25. Qd3 Bf8 26. Qa6 Nc8 27. Nd3 Bd6 28. Nf3 f6 29. g3 g5 30. Kg2 Kg7 31. h4 g4 32.
Nd2 Ne7 33. a4 e5 34. Qb5 Qc8 35. dxe5 fxe5 36. Qb3 Qc6 37. Kg1 a5 38. Qc3 Qxc3 39.
bxc3 e4 40. Nc1 Kf6 41. Kf1 Ke5 42. Ke2 Ba3 43. Ncb3 Nf5 44. Nd4 Nd6 45. Kd1 Bc5 46. Ne2 Ne8 47. Nf4 Nf6 48. Kc2 Kf5 49. Nb3 Bd6 50. Ne2 Be5 51. Nbd4+ Bxd4 52. Nxd4+ Ke5 53.
Ne2 Kd6 54. Nf4 Kc5 55. Kb3 Kd6 56. c4 dxc4+ 57. Kxc4 Kc6 58. Kd4 b5 59. axb5+ Kxb5 60.
Ke5 a4 61. Kxf6 a3 62. Nd5 Kc4 63. Nb6+ Kb3 64. Nd7 a2 65. Nc5+ Kc4 66. Nxe4 a1=Q+ 67. Kf5 Kd5 68. Nf6+ Kd6 69. Nxh5 Qa4 70. Nf4 Qc2+ 71. Kxg4 Qxf2 72. e4 Qe3 73. h5 Qxe4 74. Kg5 Ke5 75. Ng6+ Ke6 76. g4 Qe3+ 77. Kh4 Kf6 78. Nf8 Qf2+ 79.
Kh3 Qf3+ 80. Kh4 Qh1+ 81. Kg3 Kg7 82. Ne6+ Kh7 83. Ng5+ Kh6 84. Nh3 Qe1+ 85. Kf3 Qa1 86. Kg3 Qa3+ 87. Kh4 Qa7 88. g5+ Kh7 89. Nf4 Qf2+ 90.
Kg4 Qg1+ 91. Kf5 Qf1 92. Kg4 Kg8 93. Kf5 Qd1 94. Kf6 Qf3 95. Kf5 Kf7 96. Ke5 Qe3+ 97. Kf5 Qf3 98. Ke5 Ke7 99. Kf5 Qd1 100. h6 Qc2+ 101.
Ke5 Kf7 102. g6+ Kg8 103. Kf6 Qc3+ 104. Kf5 Qc5+ 105. Kf6 Qd4+ 106. Kf5 Qd7+ 107. Kf6 Qd6+ 108. Kf5 Qd7+ 109. Kf6 Qd8+ 110. Kf5 Qf8+ 111. Kg5 Qe7+ 112. Kf5 Qc5+ 113. Kf6 Qd4+ 114. Kf5 Qf2 115. Kg5 Qg3+ 116. Kf5 Qh4 117. h7+ Kh8 118. Ke5 Qg5+ 119. Ke4 Qe7+ 120. Kf5 Qg7 121. Kg5 Qe5+ 122. Kg4 Kg7 123. Kf3 Qc3+ 124. Kg4 Qb2 125. Kf5 Qb1+ 126. Kg5 Qb5+ 127. Kg4 Qe5 128. Kf3 Qf5 129. Kg3 Qe5 130. Kg4 Kh6 131. Kf3 Qf6 132. Kg4 Qe5 133. Kf3 Kg5 134. Ne6+ 1-0